 Dungeon Crawl Stone Soup version 0.30.1-11-g7821555f0a (webtiles) character file.

Game seed: 15718044966882527834

737 bnorton916 the Magician (level 7, -6/36 HPs)
             Began as a Deep Elf Conjurer on Jan 10, 2024.
             Was an Initiate of Gozag.
             Mangled by a black bear (12 damage)
             ... on level 4 of the Dungeon.
             The game lasted 00:06:14 (4961 turns).

bnorton916 the Magician (Deep Elf Conjurer)         Turns: 4961, Time: 00:06:15

Health: -6/36      AC:  3    Str:  4    XL:     7   Next: 46%
Magic:  17/20      EV: 12    Int: 25    God:    Gozag
Gold:   356        SH:  0    Dex: 13    Spells: 10/21 levels left

rFire   . . .        (no weapon)
rCold   . . .        (no shield)
rNeg    . . .        B - +0 robe {Will+}
rPois   .            (no helmet)
rElec   .            r - +0 cloak
rCorr   .            (no gloves)
SInv    .            (no boots)
Will    +....        t - amulet of magic regeneration
Stlth   ++           (no ring)
HPRegen 0.26/turn    (no ring)
MPRegen 0.57/turn

%: no passive effects
@: no status effects
A: no striking features
a: Renounce Religion, Potion Petition, Call Merchant, Bribe Branch


You were on level 4 of the Dungeon.
You worshipped Gozag.
Gozag was aware of your devotion.
You visited 1 branch of the dungeon, and saw 5 of its levels.

You collected 385 gold pieces.
You paid 29 gold pieces to Gozag.

Inventory:

Missiles
 c - 23 poisoned darts (quivered)
Armour
 r - a +0 cloak (worn)
 B - a +0 robe of willpower (worn)
Jewellery
 t - an amulet of magic regeneration (around neck)
 u - an amulet of faith
Wands
 w - a wand of digging (9)
Scrolls
 d - 2 scrolls of enchant armour {unknown}
 f - 3 scrolls of amnesia {unknown}
 g - 3 scrolls of teleportation {unknown}
 h - 2 scrolls of immolation {unknown}
 i - 4 scrolls of fog {unknown}
 l - 2 scrolls of identify {unknown}
 p - a scroll of silence {unknown}
 q - a scroll of magic mapping {unknown}
 s - a scroll of fear {unknown}
 y - a scroll of poison {unknown}
Potions
 b - a potion of magic
 e - 3 potions of degeneration {unknown}
 j - 2 potions of mutation {unknown}
 k - 2 potions of cancellation {unknown}
 m - 2 potions of might {unknown}
 n - a potion of resistance {unknown}
 o - a potion of attraction {unknown}
 v - 2 potions of heal wounds {unknown}
 x - 2 potions of flight {unknown}
 z - 2 potions of lignification {unknown}
 A - a potion of haste {unknown}


   Skills:
 - Level 2.4 Dodging
 - Level 2.4 Stealth
 + Level 7.5 Spellcasting
 + Level 7.2 Conjurations
 + Level 3.0 Hexes
 + Level 2.4 Translocations


You had 10 spell levels left.
You knew the following spells:

 Your Spells              Type           Power      Damage    Failure   Level
a - Magic Dart            Conj           100%       1d8       1%          1
b - Searing Ray           Conj           90%        2d7       1%          2
c - Iskenderun's Mystic   Conj/Tloc      33%        2d8       9%          4
d - Fulminant Prism       Conj/Hex       17%        3d10      8%          4

Your spell library contained the following spells:

 Spells                   Type           Power      Damage    Failure   Level
 Dazzling Flash           Conj/Hex       70%        N/A       2%          3
 Ozocubu's Armour         Ice            9%         N/A       19%         3
 Metabolic Englaciation   Hex/Ice        8%         N/A       67%         5
 Simulacrum               Ice/Necr       Unusable   N/A       N/A         6

Dungeon Overview and Level Annotations

Branches:
Dungeon (5/15)
 Temple: D:4-7

Altars:
Dithmenos
Gozag
Nemelex Xobeh
Sif Muna
Zin
The Shining One

Annotations:
D:3 3 runed translucent doors, captainfunch's ghost, weakling DrBe


Message History

The black bear misses you.
The black bear claws you but does no damage.
The black bear completely misses you.
The black bear attacks as you move away!
The black bear bites you. The black bear claws you.
The black bear completely misses you.
The black bear attacks as you move away!
The black bear barely misses you. The black bear claws you.
The black bear barely misses you.
There is a stone staircase leading up here.
The black bear barely misses you. The black bear closely misses you.
The black bear claws you.
You climb upwards.
There is a stone staircase leading down here.
Unknown command.
Casting: Fulminant Prism (quite dangerous; 8% risk of failure)
Confirm with . or Enter, or press ? or * to list all spells.
Aiming: Searing Ray (safe; 1% risk of failure)
Press: ? - help, Shift-Dir - straight line, f - black bear
Aim: a black bear (87% to hit)
The searing ray hits the black bear.
The black bear is moderately wounded. (Press . to maintain the ray.)
The black bear bites you. The black bear claws you.
The black bear closely misses you.
The searing ray hits the black bear!
The black bear is severely wounded.
The black bear bites you.
* * * LOW HITPOINT WARNING * * *
The black bear misses you. The black bear claws you.
* * * LOW HITPOINT WARNING * * *
The searing ray hits the black bear.
The black bear is almost dead.
The black bear goes berserk!
The searing ray hits the black bear.
The black bear is almost dead.
You finish channelling your searing ray.
The black bear bites you!
You die...
Your body crumbles into a pile of gold.

...............##.....#
##...##
...##.#........##.....#
#.#.#.#
.#.##.#...........#####
#.#>..# .#.##.###....#.####
#.##..# .#.##.# #....#.#
##...## .#.##.#
####.#.######### ###.#
......######.#.#.....).#####.#
...............#.#####.......#
.####..#####(###@##....#######
.##.......##.(..h...##.#
....#..##.######.#####.#
.####.)##.# #.#####.#
.......##.# #.......#
#########.#### ######### #
#.......# # ###.##.##.#
####.......#.#


You could see a black bear (berserk).

Vanquished Creatures
  A sky beast (D:5)
  2 phantoms
  2 scorpions (D:4)
  A hound (D:4)
  A jelly (D:4)
  A sleepcap (D:4)
  Ijyb (D:5)
  2 orc wizards (D:4)
  4 gnolls
  8 adders
  2 worms (D:2)
  3 dart slugs
  7 orcs (D:4)
  4 endoplasms
  A giant cockroach (D:2)
  6 goblins
  8 hobgoblins
  7 jackals
  7 quokkas
  4 ball pythons
  6 bats
  4 frilled lizards
  12 kobolds
  9 rats
103 creatures vanquished.

Vanquished Creatures (others)
  2 fulminant prisms (D:5)
2 creatures vanquished.

Grand Total: 105 creatures vanquished

Notes
Turn   | Place    | Note
-------+----------+-------------------------------------------
     0 | D:1      | bnorton916 the Deep Elf Conjurer began the quest for the
                  | Orb.
     0 | D:1      | Reached XP level 1. HP: 10/10 MP: 6/6
   214 | D:1      | Reached XP level 2. HP: 15/15 MP: 4/8
   784 | D:1      | Reached skill level 5 in Conjurations
   784 | D:1      | Reached XP level 3. HP: 19/19 MP: 5/10
   787 | D:1      | Learned a level 2 spell: Searing Ray
  1658 | D:2      | Reached XP level 4. HP: 21/24 MP: 7/12
  2286 | D:2      | Reached skill level 5 in Spellcasting
  2328 | D:2      | Found a faded altar of an unknown god.
  2595 | D:3      | Found a sparkling altar of Nemelex Xobeh.
  2815 | D:3      | Found a glowing silver altar of Zin.
  2833 | D:3      | Found a runed translucent gate.
  2833 | D:3      | Found a runed translucent gate.
  2836 | D:3      | Found a runed translucent gate.
  2953 | D:3      | Noticed captainfunch's ghost (weakling DrBe)
  2997 | D:3      | Reached XP level 5. HP: 28/28 MP: 11/14
  3150 | D:3      | Found an opulent altar of Gozag.
  3156 | D:3      | Became a worshipper of Gozag Ym Sagoz the Greedy
  3544 | D:4      | Reached XP level 6. HP: 32/32 MP: 13/17
  3608 | D:4      | Found a glowing golden altar of the Shining One.
  3608 | D:4      | Found a shadowy altar of Dithmenos.
  3609 | D:4      | Found a shimmering blue altar of Sif Muna.
  3674 | D:4      | Learned a level 4 spell: Iskenderun's Mystic Blast
  3679 | D:4      | Learned a level 4 spell: Fulminant Prism
  3836 | D:4      | Reached skill level 1 in Hexes
  3998 | D:4      | Reached skill level 1 in Translocations
  4127 | D:4      | Reached XP level 7. HP: 36/36 MP: 13/19
  4399 | D:5      | Entered Level 5 of the Dungeon
  4506 | D:5      | Noticed Ijyb
  4680 | D:5      | Killed Ijyb
  4961 | D:4      | Mangled by a black bear

Illustrated notes

Levels and vault maps discovered:
D:1:      spicycebolla_arrival_xxxplode, layout_basic, minmay_pentomino_p2
D:2:      minmay_wonky_spiral, layout_rooms,
          hellmonk_ecumenical_altar_crossroads
D:3:      layout_loops_cross, pdpol_temple_overflow_zin_treasury_gozag_greed,
          nemelex_xobeh_ov_fountains_minmay, gammafunk_ghost_split,
          minmay_misc_feat_plants
D:4:      layout_loops_cross, gammafunk_temple_overflow_claw
D:5:      layout_cave_pools, grunt_decor_fettered, kennysheep_big_empty_room,
          corexii_item_surrounded_by_moat, uniq_ijyb, uniq_menkaure

Skill      XL: |  1  2  3  4  5  6  7 |
---------------+----------------------+-----
Spellcasting   | 4 5 6 7 |  7.5
Conjurations   | 5 6 7 |  7.2
Hexes          | 2 3 |  3.0
Translocations | 1 2 |  2.4
Dodging        | |  2.4
Stealth        | |  2.4

Action                     |  1- 3 |  4- 6 |  7- 9 || total
---------------------------+-------+-------+-------++-------
  Melee: Unarmed           |       |     1 |       ||     1
  Throw: Dart              |     5 |       |       ||     5
   Cast: Magic Dart        |    59 |   121 |    18 ||   198
         Searing Ray       |     3 |    14 |     5 ||    22
         Fulminant Prism   |       |       |     2 ||     2
 Armour: Robe              |    10 |     2 |     1 ||    13
  Dodge: Dodged            |    35 |    17 |    13 ||    65
